 Dungeon Crawl Stone Soup version 0.31.0-11-ge490571c62 (webtiles) character file.

Game seed: 6497620311413099344

3528 qw the Markself (level 9, -8/52 HPs)
             Began as a Deep Elf Hunter on Feb 5, 2024.
             Was a Priest of Okawaru.
             Mangled by Grum
             ... wielding a +1 spear
              (18 damage)
             ... on level 8 of the Dungeon.
             The game lasted 00:02:11 (5629 turns).

qw the Markself (Deep Elf Hunter)                   Turns: 5629, Time: 00:02:11

Health: -8/52      AC: 10    Str: 12    XL:     9   Next: 82%
Magic:  14/14      EV: 18    Int: 15    God:    Okawaru [***...]
Gold:   387        SH:  0    Dex: 18    Spells: 8/8 levels left

rFire   . . .        c - +3 longbow (heavy)
rCold   + . .        (shield currently unavailable)
rNeg    . . .        s - +2 ring mail {rC+}
rPois   +            (no helmet)
rElec   .            o - +0 cloak
rCorr   .            l - +0 pair of gloves
SInv    .            m - +0 pair of boots
Will    .....        h - amulet of the acrobat
Stlth   +            j - +5 ring of evasion
HPRegen 0.28/turn    r - ring of poison resistance
MPRegen 0.14/turn

%: acrobat
@: about to teleport
A: no striking features
a: Renounce Religion, Heroism


You were on level 8 of the Dungeon.
You worshipped Okawaru.
Okawaru was most pleased with you.
You visited 2 branches of the dungeon, and saw 9 of its levels.

You collected 387 gold pieces.


   Skills:
 - Level 4.0 Fighting
 + Level 15.5 Ranged Weapons
 - Level 2.0 Armour
 - Level 6.0 Dodging
 - Level 1.2 Stealth
 - Level 4.0 Invocations


You had 8 spell levels left.
You didn't know any spells.
Your spell library was empty.

Inventory:

Hand Weapons
 c - a +3 heavy longbow (weapon)
Armour
 l - a +0 pair of gloves (worn)
 m - a +0 pair of boots (worn)
 o - a +0 cloak (worn)
 s - a +2 ring mail of cold resistance (worn)
Jewellery
 h - an amulet of the acrobat (around neck)
 i - a +4 ring of protection
 j - a +5 ring of evasion (left hand)
 n - an amulet of faith
 r - a ring of poison resistance (right hand)
Wands
 d - a wand of mindburst (40)
 k - a wand of polymorph (15)
Scrolls
 a - 5 scrolls of teleportation
 q - 5 scrolls of identify
Potions
 b - 3 potions of curing
 e - 5 potions of haste
 f - 3 potions of might
 g - 3 potions of resistance
 p - 3 potions of mutation

Dungeon Overview and Level Annotations

Branches:
Dungeon (8/15)             Temple (1/1) D:5
   Lair: D:8-11

Altars:
Ashenzari
Cheibriados
Dithmenos
Elyvilon
Fedhas
Gozag
Hepliaklqana
Kikubaaqudgha
Makhleb
Nemelex Xobeh
Okawaru
Qazlal
Ru
Sif Muna
Trog
Uskayaw
Vehumet
Wu Jian
Xom
Yredelemnul
Zin
The Shining One

Shops:
D:1 ?   D:8 (

Annotations:
D:7 3 runed translucent doors, qw's ghost, novice DEHu
D:8 Grum


Message History

You kill the wolf!
Okawaru accepts your kill.
The wolf closely misses you. x2; The wolf misses you.
You shoot an arrow. The arrow misses the wolf.
The wolf closely misses you. The wolf misses you. The wolf closely misses you.
The wolf bites you but does no damage.
Grum snarls, "You're dog chow, qw!"
Grum barely misses you. The wolf bites you.
Enter note:
Enter note:
5623 ||| RETREEEEATING.
The wolf closely misses you.
You shoot an arrow. The arrow closely misses the wolf.
The arrow hits the wolf!!
You kill the wolf!
Okawaru accepts your kill. The wolf bites you. x2
Grum hits you from afar with a +1 spear.
The wolf bites you.
You shoot an arrow. The arrow barely misses the wolf.
The wolf bites you but does no damage.
Grum hits you from afar with a +1 spear.
The wolf bites you. Grum hits you but does no damage.
You shoot an arrow. The arrow barely misses the wolf.
The wolf barely misses you. The wolf completely misses you.
Grum hits you from afar with a +1 spear.
The wolf misses you.
You shoot an arrow. The arrow hits the wolf!!
The wolf is almost dead.
The wolf misses you.
Grum hits you from afar with a +1 spear!
The wolf bites you. Grum barely misses you.
5628 ||| READING 6 scrolls of teleportation.
As you read the scroll of teleportation, it crumbles to dust.
You feel strangely unstable. The wolf closely misses you. The wolf misses you.
Grum hits you but does no damage.
You shoot an arrow. The arrow misses the wolf.
The wolf misses you. The wolf bites you.
Grum hits you from afar with a +1 spear!!
You die...

... #.#.## #. ..#
#.##.# ....# #..###
#.%g.# ##h#......
#@##..hh. #.)# ..g.
##.# ...
#################.#
..
..................+
.
#################.#
#.# #.# #.#


You could see Grum and a wolf.

Vanquished Creatures
  Maggie (D:7)
  Psyche (D:8)
  A hornet (D:8)
  A wyvern (D:7)
  Edmund (D:5)
  Duvessa (D:5)
  A sky beast (D:7)
  2 ice beasts
  A black bear (D:7)
  3 wolves (D:8)
  A centaur (D:5)
  A kobold brigand (D:6)
  10 scorpions
  Dowan (D:5)
  3 killer bees (D:6)
  3 howler monkeys (D:8)
  A crimson imp (D:7)
  3 hounds
  A bombardier beetle (D:4)
  A jelly (D:5)
  A gnoll bouda (D:6)
  2 orc priests
  A sleepcap (D:5)
  Natasha (twice) (D:4)
  2 iguanas
  5 orc wizards
  8 adders
  4 gnolls (D:6)
  2 white imps
  2 ufetubi (D:7)
  3 ribbon worms
  2 dart slugs
  25 orcs
  19 bats
  8 endoplasms
  4 giant cockroaches
  9 goblins
  7 hobgoblins
  10 jackals
  3 quokkas
  2 ball pythons
  3 frilled lizards
  14 kobolds
  10 rats
186 creatures vanquished.

Notes
Turn   | Place    | Note
-------+----------+-------------------------------------------
     0 | D:1      | qw the Deep Elf Hunter began the quest for the Orb.
     0 | D:1      | Reached XP level 1. HP: 12/12 MP: 3/3
     0 | D:1      | 0 ||| qw: Version: 0.3-a-160-g6735b56
     0 | D:1      | 0 ||| qw: Game counter: 6415
     0 | D:1      | 0 ||| qw: Melee chars always use a shield: true
     0 | D:1      | 0 ||| qw: God list: Okawaru
     0 | D:1      | 0 ||| qw: Allow faded altars: false
     0 | D:1      | 0 ||| qw: Do Orc after clearing Dungeon:15 true
     0 | D:1      | 0 ||| qw: Do second Lair branch before Depths: true
     0 | D:1      | 0 ||| qw: Lair rune preference: random
     0 | D:1      | 0 ||| qw: Goals: Normal
     0 | D:1      | 0 ||| PLANNING D:1-11
    53 | D:1      | Reached XP level 2. HP: 16/16 MP: 4/4
    54 | D:1      | Reached skill level 6 in Ranged Weapons
   119 | D:1      | Found Kottueb's Magic Scroll Shop.
   150 | D:1      | 150 ||| SHOPLISTING 3 scrolls of teleportation (90 gold,
                  | have 5).
   208 | D:1      | Found a faded altar of an unknown god.
   587 | D:1      | 587 ||| UPGRADING to +0 leather armour of willpower.
   597 | D:1      | 597 ||| DROPPING +0 leather armour.
   598 | D:1      | 598 ||| UPGRADING to +0 ring mail.
   608 | D:1      | 608 ||| DROPPING +0 leather armour of willpower.
   609 | D:1      | 609 ||| UPGRADING to ring of protection from cold.
   610 | D:1      | 610 ||| DROPPING +6 ring of intelligence.
   611 | D:1      | 611 ||| READING scroll labelled IQIOVVIPAGG.
   612 | D:1      | 612 ||| READING scroll labelled TIHETAL PUWNEELA.
   612 | D:1      | 612 ||| IDENTIFYING bubbling red potion
   613 | D:1      | 613 ||| READING scroll labelled QODAOH NOTZ.
   613 | D:1      | 613 ||| ENCHANTING +0 shortbow.
   614 | D:1      | 614 ||| READING scroll labelled PUANEG SUIL.
   614 | D:1      | Identified a scroll of acquirement
   614 | D:1      | 614 ||| ACQUIRING +3 heavy longbow
   614 | D:1      | Acquired a +3 heavy longbow
   616 | D:1      | 616 ||| SWAPPING to +3 heavy longbow.
   617 | D:1      | 617 ||| DROPPING +1 shortbow.
   618 | D:1      | 618 ||| READING 4 scrolls labelled QABAHE EGUMUAMN.
   619 | D:1      | 619 ||| READING scroll labelled VACKUJ NOLASK.
   620 | D:1      | 620 ||| DRINKING 2 bubbling green potions.
   661 | D:1      | 661 ||| DRINKING 2 yellow potions.
   662 | D:1      | 662 ||| DROPPING scroll of butterflies.
   663 | D:1      | 663 ||| DROPPING potion of lignification.
   664 | D:1      | 664 ||| DROPPING potion of brilliance.
   665 | D:1      | 665 ||| DROPPING potion of degeneration.
   666 | D:1      | 666 ||| DROPPING 3 scrolls of blinking.
   705 | D:2      | Reached XP level 3. HP: 12/20 MP: 5/5
   899 | D:2      | Reached skill level 7 in Ranged Weapons
  1309 | D:2      | 1309 ||| UPGRADING to amulet of the acrobat.
  1314 | D:2      | 1314 ||| UPGRADING to ring of see invisible.
  1315 | D:2      | 1315 ||| READING 2 scrolls labelled FOSUOD GYLUMOWN.
  1318 | D:2      | 1318 ||| READING scroll labelled GAETAYN SIAFF.
  1319 | D:2      | 1319 ||| READING scroll labelled ALUENE YPHUW.
  1452 | D:3      | Reached XP level 4. HP: 25/25 MP: 6/6
  1778 | D:3      | Reached skill level 8 in Ranged Weapons
  1829 | D:3      | Identified the +0 hat "Volat" {Int+2}
  2194 | D:3      | 2194 ||| DROPPING +0 hat "Volat" {Int+2}.
  2195 | D:3      | 2195 ||| UPGRADING to +0 pair of boots.
  2200 | D:3      | 2200 ||| UPGRADING to +0 cloak.
  2205 | D:3      | 2205 ||| UPGRADING to +5 ring of evasion.
  2207 | D:3      | 2207 ||| UPGRADING to ring of poison resistance.
  2209 | D:3      | 2209 ||| READING 2 scrolls of identify.
  2209 | D:3      | 2209 ||| IDENTIFYING bubbling amethyst potion
  2210 | D:3      | 2210 ||| READING scroll of identify.
  2210 | D:3      | 2210 ||| IDENTIFYING glowing pink potion
  2211 | D:3      | 2211 ||| DRINKING 2 golden potions.
  2212 | D:3      | 2212 ||| DRINKING fuming amethyst potion.
  2213 | D:3      | 2213 ||| DRINKING smoky amethyst potion.
  2214 | D:3      | 2214 ||| DROPPING potion of ambrosia.
  2277 | D:4      | Noticed a scorpion
  2278 | D:4      | Killed a scorpion
  2279 | D:4      | Reached XP level 5. HP: 29/29 MP: 7/7
  2315 | D:4      | Noticed Natasha
  2318 | D:4      | Killed Natasha
  2319 | D:4      | Reached skill level 9 in Ranged Weapons
  2464 | D:4      | Reached XP level 6. HP: 35/35 MP: 8/8
  2467 | D:4      | Reached skill level 1 in Armour
  2478 | D:4      | 2478 ||| FLEEEEING.
  2479 | D:4      | 2479 ||| FLEEEEING.
  2759 | D:4      | 2759 ||| DROPPING ring of protection from cold.
  2760 | D:4      | 2760 ||| DROPPING ring of see invisible.
  2761 | D:4      | 2761 ||| READING scroll labelled ITOHAO HAPY.
  2783 | D:4      | Noticed Natasha
  2784 | D:4      | Killed Natasha
  2797 | D:5      | Entered Level 5 of the Dungeon
  2803 | D:5      | Found a snail-covered altar of Cheibriados.
  2866 | D:5      | Reached skill level 10 in Ranged Weapons
  2894 | D:5      | Noticed an ice beast
  2897 | D:5      | Killed an ice beast
  2898 | D:5      | Reached skill level 3 in Dodging
  2898 | D:5      | Reached XP level 7. HP: 40/40 MP: 9/9
  2907 | D:5      | Noticed Edmund
  2915 | D:5      | Killed Edmund
  2992 | D:5      | Found a sparkling altar of Nemelex Xobeh.
  3038 | D:5      | Found a staircase to the Ecumenical Temple.
  3039 | D:5      | 3039 ||| PLANNING TEMPLE
  3039 | D:5      | 3039 ||| UPGRADING to +0 pair of gloves.
  3044 | D:5      | 3044 ||| UPGRADING to +2 ring mail of cold resistance.
  3054 | D:5      | 3054 ||| DROPPING +0 ring mail.
  3055 | D:5      | 3055 ||| READING scroll of identify.
  3055 | D:5      | 3055 ||| IDENTIFYING glowing blue potion
  3056 | D:5      | 3056 ||| READING scroll labelled AKYEGR REUMOT.
  3057 | D:5      | 3057 ||| READING scroll labelled REANIR KEX DAN.
  3064 | D:5      | Reached skill level 11 in Ranged Weapons
  3076 | Temple   | Entered the Ecumenical Temple
  3077 | Temple   | 3077 ||| PLANNING OKAWARU WORSHIP
  3096 | Temple   | Became a worshipper of Warmaster Okawaru
  3097 | Temple   | 3097 ||| PLANNING D:1-11
  3191 | D:5      | Noticed Dowan
  3193 | D:5      | Killed Dowan
  3193 | D:5      | Noticed Duvessa
  3195 | D:5      | Killed Duvessa
  3196 | D:5      | Reached skill level 12 in Ranged Weapons
  3317 | D:5      | Reached XP level 8. HP: 45/45 MP: 10/10
  3348 | D:5      | Reached skill level 3 in Fighting
  3419 | D:5      | Found a shimmering altar of Xom.
  3609 | D:5      | Found a broken altar of Ashenzari.
  3612 | D:5      | 3612 ||| READING scroll of identify.
  3612 | D:5      | 3612 ||| IDENTIFYING puce potion
  3681 | D:6      | HP: 10/46 [killer bee (6)]
  3682 | D:6      | 3682 ||| READING 4 scrolls of teleportation.
  3683 | D:6      | 3683 ||| DRINKING potion of heal wounds.
  3686 | D:6      | HP: 10/46 [poisoned by a killer bee]
  3967 | D:6      | Reached * piety under Okawaru
  4222 | D:6      | Reached skill level 1 in Invocations
  4475 | D:6      | 4475 ||| READING scroll of identify.
  4475 | D:6      | 4475 ||| IDENTIFYING amethyst potion
  4476 | D:6      | 4476 ||| READING scroll labelled SIHOCRAEMU.
  4577 | D:6      | 4577 ||| DRINKING 2 emerald potions.
  4603 | D:7      | Reached skill level 13 in Ranged Weapons
  4603 | D:7      | Reached skill level 3 in Invocations
  4630 | D:7      | Found an ancient bone altar of Kikubaaqudgha.
  4703 | D:7      | Reached ** piety under Okawaru
  4706 | D:7      | Reached XP level 9. HP: 48/50 MP: 14/14
  4745 | D:7      | Reached skill level 14 in Ranged Weapons
  4863 | D:7      | Noticed Maggie
  4864 | D:7      | 4864 ||| INVOKING Heroism.
  4870 | D:7      | Killed Maggie
  4871 | D:7      | Reached skill level 6 in Dodging
  4958 | D:7      | Noticed a tengu conjurer
  4966 | D:7      | Found a runed translucent gate.
  4966 | D:7      | Found a runed translucent gate.
  4966 | D:7      | Found a runed translucent gate.
  4967 | D:7      | Noticed qw's ghost (novice DEHu)
  5101 | D:7      | Found the +11 Singing Sword {sonic wave}
  5221 | D:7      | 5221 ||| DROPPING +6 ring of strength.
  5328 | D:8      | Reached skill level 15 in Ranged Weapons
  5345 | D:8      | Noticed Psyche
  5346 | D:8      | 5346 ||| INVOKING Heroism.
  5347 | D:8      | Killed Psyche
  5347 | D:8      | Reached *** piety under Okawaru
  5489 | D:8      | Found Qeyruw's Weapon Boutique.
  5617 | D:8      | Noticed Grum
  5618 | D:8      | 5618 ||| RETREEEEATING.
  5623 | D:8      | 5623 ||| RETREEEEATING.
  5627 | D:8      | HP: 11/52 [Grum/+1 spear (8)]
  5628 | D:8      | 5628 ||| READING 6 scrolls of teleportation.
  5629 | D:8      | Mangled by Grum

Levels and vault maps discovered:
D:1:      pf_arrival_petrified_forest, layout_basic, serial_shops,
          nicolae_shop_hallway_plus, ebering_ecumenical_altar_mist
D:2:      layout_basic
D:3:      minmay_angry_zag, layout_basic, serial_curves, eino_curves_01,
          eino_curves_04, eino_curves_04, minmay_fractal_squares_diagonal_5
D:4:      layout_cave_pools, nicolae_elevator_lobby_plus, uniq_natasha
D:5:      layout_loops_ring, nicolae_overflow_quartered_altars,
          minmay_temple_entry_stoned_glass, nicolae_titane, uniq_edmund,
          uniq_duvessa
D:6:      layout_gridville, supply_closet_lemuel
D:7:      old_forge, layout_rooms, lemuel_doored_altar, gammafunk_ghost_split,
          minmay_fire_ice_demons, uniq_maggie
D:8:      layout_basic, serial_shops, nicolae_shop_scrapyard, uniq_grum,
          uniq_psyche
Temple:   bh_familiar_temple

Skill      XL: |  1  2  3  4  5  6  7  8  9 |
---------------+----------------------------+-----
Ranged Weapons | 6 7 8 9 10 12 13 15 | 15.5
Fighting       | 2 3 4 |  4.0
Armour         | 1 2 |  2.0
Dodging        | 3 4 6 |  6.0
Invocations    | 4 |  4.0
Stealth        | |  1.2

Action                     |  1- 3 |  4- 6 |  7- 9 || total
---------------------------+-------+-------+-------++-------
   Fire: Shortbow          |    63 |       |       ||    63
         Longbow           |    54 |    84 |   161 ||   299
 Invoke: Heroism           |       |       |     2 ||     2
    Use: Scroll            |     9 |     3 |     8 ||    20
         Potion            |     2 |     3 |     2 ||     7
 Armour: Leather armour    |     7 |       |       ||     7
         Ring mail         |    46 |    19 |    72 ||   137
  Dodge: Dodged            |    66 |    25 |   111 ||   202

Table legend:
 A = Non-vault XP
 B = Vault XP
 C = Vault XP percentage of total XP
 D = Non-vault monster count
 E = Vault monster count
 F = Vault count percentage of total count
                 A         B        C        D         E       F
            +---------+---------+-------+---------+---------+-------
      Total |    3006 |    2034 |  40.4 |     147 |      39 |  21.0
            +---------+---------+-------+---------+---------+-------
        D:1 |      37 |       0 |   0.0 |      23 |       0 |   0.0
        D:2 |      55 |       0 |   0.0 |      30 |       0 |   0.0
        D:3 |      65 |      13 |  16.7 |      20 |      10 |  33.3
        D:4 |     323 |      37 |  10.3 |      20 |       1 |   4.8
        D:5 |     631 |     377 |  37.4 |      16 |       3 |  15.8
        D:6 |     614 |       0 |   0.0 |      17 |       0 |   0.0
        D:7 |     708 |     937 |  57.0 |      13 |      21 |  61.8
        D:8 |     573 |     670 |  53.9 |       8 |       4 |  33.3
            +---------+---------+-------+---------+---------+-------
